 Dungeon Crawl Stone Soup version 0.27.1-33-g824d729ab1 (webtiles) character file.

Game seed: 17383826315645876294

23 graymark the Conjurer (level 3, -3/21 HPs)
             Began as an Octopode Conjurer on Dec 13, 2021.
             Was a Believer of Jiyva.
             Slain by an adder (4 damage)
             ... on level 2 of the Dungeon.
             The game lasted 00:08:30 (879 turns).

graymark the Conjurer (Octopode Conjurer)            Turns: 879, Time: 00:08:31

Health: -3/21      AC:  1    Str:  7    XL:     3   Next: 0%
Magic:  11/15      EV: 13    Int: 21    God:    Jiyva [**....]
Gold:   1          SH:  0    Dex:  9    Spells: 6/7 levels left

rFire    . . .     SeeInvis .   e - +1 short sword (venom)
rCold    . . .     Faith    .   (no shield)
rNeg     . . .     Spirit   .   (helmet restricted)
rPois    .         Reflect  .   (no amulet)
rElec    .         Harm     .   g - ring of magical power
rCorr    .         Rampage  .   (no ring)
Will     .....                  (no ring)
Stlth    +++.......             (no ring)
HPRegen  0.07/turn              (no ring)
MPRegen  0.14/turn              (no ring)
                                (no ring)
                                (no ring)

@: lethally poisoned (-3 -> -6)
A: almost no armour, amphibious, 8 rings, camouflage 1, gelatinous body 1,
(nimble swimmer 1), tentacles
a: Renounce Religion, Request Jelly


You were on level 2 of the Dungeon.
You worshipped Jiyva.
Jiyva was pleased with you.
You visited 1 branch of the dungeon, and saw 2 of its levels.

You collected 1 gold pieces.

Inventory:

Hand Weapons
 b - a +0 dagger
 d - a +3 dagger
 e - a +1 short sword of venom (weapon)
Missiles
 f - 6 stones
Jewellery
 g - a ring of magical power (left tentacle)
Scrolls
 c - a scroll of silence


   Skills:
 + Level 2.3 Dodging
 + Level 3.2 Stealth
 * Level 2.5 Spellcasting
 + Level 4.1 Conjurations


You had 6 spell levels left.
You knew the following spells:

 Your Spells              Type           Power      Damage    Failure   Level
a - Magic Dart            Conj           80%        1d7       2%          1

Your spell library contained the following spells:

 Spells                   Type           Power      Damage    Failure   Level
 Searing Ray              Conj           40%        3d4       3%          2
 Dazzling Flash           Conj/Hex       22%        N/A       19%         3
 Fulminant Prism          Conj/Hex       5%         3d7       52%         4
 Iskenderun's Mystic Bla  Conj/Tloc      11%        2d4       52%         4


Dungeon Overview and Level Annotations

Branches:
Dungeon (2/15)

Altars:
Jiyva

Annotations:
D:2 Natasha


Innate Abilities, Weirdness & Mutations

You cannot wear most types of armour.
You are amphibious.
You can wear up to eight rings at the same time.
Your skin changes colour to match your surroundings (Stealth+).
Your rubbery body absorbs attacks. (AC +1, EV +1)
((You are camouflaged near water. (Stealth+)))
You have tentacles for arms and can constrict up to eight enemies at once.


Message History

Aiming: Magic Dart (safe; 2% risk of failure)
Press: ? - help, Shift-Dir - straight line, f - adder
Aim: an adder (moderately wounded, 100% to hit)
The magic dart hits the adder.
The adder is moderately wounded.
You feel sick. The adder closely misses you.
Casting: Magic Dart (safe; 2% risk of failure)
Confirm with . or Enter, or press ? or * to list all spells.
Aiming: Magic Dart (safe; 2% risk of failure)
Press: ? - help, Shift-Dir - straight line, f/p - adder
Aim: an adder (moderately wounded, 100% to hit)
The magic dart hits the adder.
The adder is heavily wounded.
You feel sick. The adder bites you but does no damage.
Jiyva gurgles merrily.
As you read the scroll labelled NEFRAIR XELL, it crumbles to dust.
It is a scroll of identify.
c - a scroll of silence You feel sick.
The adder bites you. The adder closely misses you.
You aren't carrying any potions.
Jiyva will no longer mutate your body and modify your attributes.
Jiyva will no longer protect you from corrosive effects.
You feel sick.
Natasha hisses angrily.
The adder bites you.
* * * LOW HITPOINT WARNING * * *
You are lethally poisoned!
The adder poisons you!
You hit the adder. Your grab misses the adder.
The adder is severely wounded.
* * * LOW HITPOINT WARNING * * *
You feel sick. The adder closely misses you.
Natasha stares at you and mumbles some strange words.
You resist with significant effort.
Unknown command.
You hit the adder.
The adder is poisoned.
Your grab misses the adder.
The adder is almost dead.
* * * LOW HITPOINT WARNING * * *
You feel sick. The adder bites you.
You die...

.........##.# #.
#........... #.
#.J......# #.
#........# # .##
#........# .
J<#####........###
#.#........###....
#S#.#####..# #####
#@#.# ##..# #
#h#.##.....#######
#.#..........>....
#............##.##
.######
###.......##.##
......# #.##.....
...##.# ######.#
#.... ..#
#.#######...##.#
...J ..
#...........##..
.....


You could see Natasha, an adder (very poisoned) and a neutral jelly (wandering)
(fellow slime).

Vanquished Creatures
  A dart slug (D:2)
  2 bats (D:2)
  2 giant cockroaches (D:2)
  5 goblins
  A hobgoblin (D:1)
  4 kobolds
  A ball python (D:1)
  5 rats
21 creatures vanquished.

Vanquished Creatures (others)
  2 jellies (D:2)
  Jessica (D:2)
  Natasha (twice) (D:2)
  Robin (D:2)
  2 adders (D:2)
  A worm (D:2)
  A ball python (D:1)
  An endoplasm (D:1)
  2 giant cockroaches (D:2)
  5 hobgoblins
  2 kobolds
  2 quokkas
  2 bats (D:1)
  2 frilled lizards (D:2)
  7 goblins
  3 rats (D:1)
36 creatures vanquished.

Grand Total: 57 creatures vanquished

Notes
Turn   | Place    | Note
-------+----------+-------------------------------------------
     0 | D:1      | graymark the Octopode Conjurer began the quest for the Orb.
     0 | D:1      | Reached XP level 1. HP: 11/11 MP: 3/3
    72 | D:1      | Found a faded altar of an unknown god.
    80 | D:1      | Became a worshipper of Jiyva Januboyt the Shapeless
    80 | D:1      | Reached * piety under Jiyva
   189 | D:1      | Reached XP level 2. HP: 13/17 MP: 3/5
   270 | D:1      | Reached ** piety under Jiyva
   459 | D:1      | You fall into a shaft and drop 1 floor!
   482 | D:2      | Killed Jessica
   624 | D:2      | Killed Natasha
   640 | D:2      | Killed Natasha
   704 | D:2      | Noticed Robin
   744 | D:2      | Killed Robin
   760 | D:2      | Reached XP level 3. HP: 17/21 MP: 6/6
   827 | D:2      | Reached *** piety under Jiyva
   857 | D:2      | Noticed Natasha
   879 | D:2      | HP: 1/21 [poisoned by an adder]
   879 | D:2      | Slain by an adder

Illustrated notes

Levels and vault maps discovered:
D:1:      shiori_arrival_maze, layout_basic, basic_ecumenical_altar,
          minmay_tromino_i4
D:2:      layout_loops_cross, uniq_crazy_yiuf_cottage, uniq_jessica,
          uniq_natasha, uniq_robin

Skill      XL: |  1  2 |
---------------+-------+-----
Stealth        | 3 |  3.2
Dodging        | |  2.3
Spellcasting   | |  2.5
Conjurations   | |  4.1

Action                   || total
-------------------------++-------
Melee: Dagger            ||     9
       Constrict         ||     6
       Tentacles         ||     2
       Short sword       ||    14
 Cast: Magic Dart        ||    21
Invok: Request Jelly     ||     1
  Use: Scroll            ||     1
 Stab: Sleeping          ||     5
Armor: Skin              ||     2
Dodge: Dodged            ||    18
